[Event "Titled Tuesday Blitz March 28 Early 2023"]
[White "Kollars, Dmitrij"]
[Black "Tregubov, Pavel V."]
[WhiteFideId "12909572"]
[BlackFideId "4115341"]
[WhiteElo "2584"]
[BlackElo "2425"]
[Result "1-0"]
[Round "02"]
[TimeControl "180+2"]
[Date "2023.03.28"]
[WhiteClock "0:00:21"]
[BlackClock "0:00:03"]

1. e4 c5 2. c3 Nf6 3. e5 Nd5 4. Bc4 Nb6 5. Bb3 d5 6. exd6 e6 7. d4 Bxd6 8. dxc5 Bxc5 9. Qxd8+ Kxd8 10. Nd2 Nc6 11. Ne4 Be7 12. Be3 Kc7 13. O-O-O f5 14. Ng5 e5 15. N1f3 f4 16. Bxb6+ axb6 17. Nf7 Re8 18. N7xe5 Nxe5 19. Nxe5 Bc5 20. Nd3 Bd6 21. Rhe1 Bf5 22. Nb4 Bc5 23. Rxe8 Rxe8 24. Bc2 Bxc2 25. Kxc2 Bxf2 26. Nd5+ Kc6 27. Nxf4 g5 28. Nd3 Bc5 29. Re1 Rf8 30. Re6+ Kd5 31. Re5+ Kd6 32. Rxg5 Re8 33. Kd1 Be3 34. Rh5 h6 35. g3 Bg5 36. h4 Be3 37. Nb4 Rf8 38. Nd5 Bc5 39. Nf4 Rf6 40. Ke2 Kc6 41. Kf3 Bd6 42. Ke4 b5 43. Rf5 Rxf5 44. Kxf5 b4 45. cxb4 Bxb4 46. g4 Bd2 47. g5 Bc1 48. b3 hxg5 49. hxg5 Kd6 50. g6 Ke7 51. Nd5+ Kf8 52. Nf6 Kg7 53. a4 Bb2 54. Nd7 Bc3 55. Nc5 b6 56. Ne6+ Kg8 57. Nc7 Bb2 58. Nd5 Bd4 59. Nf4 Bc5 60. Ne6 Ba3 61. Ke4 Bb2 62. Kd5 Bc3 63. Kc6 1-0


[Site "https://www.chess.com"]

[Event "Titled Tuesday Blitz March 28 Early 2023"]
[White "Kucuksari, Kaan"]
[Black "Lazavik, Denis"]
[WhiteFideId "6380166"]
[BlackFideId "13515110"]
[WhiteElo "2364"]
[BlackElo "2560"]
[Result "0-1"]
[Round "02"]
[TimeControl "180+2"]
[Date "2023.03.28"]
[WhiteClock "0:00:05"]
[BlackClock "0:01:43"]

1. d4 Nf6 2. Bg5 d5 3. Bxf6 exf6 4. e3 Bd6 5. c4 dxc4 6. Bxc4 O-O 7. Nf3 Nd7 8. O-O f5 9. Nc3 Nf6 10. a4 c6 11. a5 a6 12. Qb3 g6 13. Ne5 Qe7 14. f4 Kg7 15. h3 h5 16. Na4 Ne4 17. Nb6 Rb8 18. Rad1 f6 19. Nf3 Re8 20. Rfe1 Bb4 21. Qa4 Bxe1 22. Rxe1 Be6 23. Bd3 Bf7 24. Kh2 Rbd8 25. Qc2 Qb4 26. Ra1 Bb3 27. Qc1 Qe7 28. Ra3 Bf7 29. Bf1 Rd6 30. Na4 Bd5 31. Be2 Re6 32. Bd3 Nd6 33. Be2 Rxe3 34. Ne5 Rxe2 35. Rg3 fxe5 36. fxe5 h4 37. Rxg6+ Kxg6 0-1


[Site "https://www.chess.com"]

[Event "Titled Tuesday Blitz March 28 Early 2023"]
[White "Le, Tuan Minh"]
[Black "Cuenca Jimenez, Jose Fernando"]
[WhiteFideId "12401153"]
[BlackFideId "2255570"]
[WhiteElo "2558"]
[BlackElo "2429"]
[Result "1-0"]
[Round "02"]
[TimeControl "180+2"]
[Date "2023.03.28"]
[WhiteClock "0:00:13"]
[BlackClock "0:00:01"]

1. d4 Nf6 2. Nf3 d5 3. Bf4 e6 4. e3 c5 5. c3 Nc6 6. Nbd2 Bd6 7. Bg3 O-O 8. Bb5 Be7 9. Bd3 b6 10. Ne5 Bb7 11. O-O Bd6 12. f4 Ne7 13. Qb1 g6 14. Bh4 Ne8 15. Bxe7 Qxe7 16. Qe1 Nf6 17. Qg3 Ne4 18. Bxe4 dxe4 19. Qh3 f6 20. Ng4 h5 21. Nf2 f5 22. Qg3 Kf7 23. Nh3 Ba6 24. Rfe1 Kg7 25. Rad1 Bd3 26. Ng5 cxd4 27. exd4 b5 28. Nf1 Bxf1 29. Rxf1 Rfd8 30. Qe3 Bc7 31. g3 a6 32. Kg2 Qd7 33. Rd2 Qd5 34. b3 Rac8 35. Rc1 Ba5 36. Rdc2 Rd6 37. c4 bxc4 38. bxc4 Qc6 39. Nxe6+ Rxe6 40. d5 Bb6 41. Qc3+ Kh7 42. dxc6 Rexc6 43. c5 Rxc5 44. Qxc5 1-0


[Site "https://www.chess.com"]

[Event "Titled Tuesday Blitz March 28 Early 2023"]
[White "Papasimakopoulos, Alexandros"]
[Black "Vidit, Santosh Gujrathi"]
[WhiteFideId "4244125"]
[BlackFideId "5029465"]
[WhiteElo "2359"]
[BlackElo "2651"]
[Result "1-0"]
[Round "02"]
[TimeControl "180+2"]
[Date "2023.03.28"]
[WhiteClock "0:00:06"]
[BlackClock "0:00:02"]

1. d4 Nf6 2. c4 e6 3. Nc3 Bb4 4. Qc2 d5 5. cxd5 exd5 6. Bg5 h6 7. Bh4 g5 8. Bg3 Nc6 9. e3 h5 10. Bb5 h4 11. Be5 O-O 12. Bxc6 bxc6 13. h3 Re8 14. Ne2 Ne4 15. O-O Nd6 16. Qa4 a5 17. a3 Bxc3 18. Nxc3 Bd7 19. Qc2 Nc4 20. Bh2 Qf6 21. b3 Nd6 22. Be5 Qh6 23. Nxd5 cxd5 24. Qxc7 Bb5 25. Qxd6 Qxd6 26. Bxd6 Bxf1 27. Kxf1 f6 28. Ke2 Kf7 29. Kd3 Ke6 30. Bc5 Reb8 31. Rb1 f5 32. f3 Rb7 33. Rb2 g4 34. fxg4 fxg4 35. hxg4 Rg7 36. e4 Rxg4 37. exd5+ Kxd5 38. Re2 Rg3+ 39. Kc2 Rag8 40. Re5+ Kc6 41. Re6+ Kd7 42. Re7+ Kc8 43. Rh7 R8g4 44. b4 a4 45. b5 Rxg2+ 46. Kc3 R2g3+ 47. Kc4 h3 48. Bd6 Rb3 49. Bb4 Rbg3 50. Bd6 Rb3 51. Bb4 Rg2 52. b6 h2 53. b7+ 1-0


[Site "https://www.chess.com"]

[Event "Titled Tuesday Blitz March 28 Early 2023"]
[White "Amilal Munkhdalai"]
[Black "Bluebaum, Matthias"]
[WhiteFideId "4903250"]
[BlackFideId "24651516"]
[WhiteElo "2293"]
[BlackElo "2638"]
[Result "0-1"]
[Round "02"]
[TimeControl "180+2"]
[Date "2023.03.28"]
[WhiteClock "0:00:06"]
[BlackClock "0:00:24"]

1. e4 e6 2. d4 d5 3. Nd2 c5 4. exd5 Qxd5 5. Ngf3 cxd4 6. Bc4 Qd6 7. O-O Nf6 8. Nb3 Nc6 9. Nbxd4 Nxd4 10. Qxd4 Qxd4 11. Nxd4 Bd7 12. Bb5 O-O-O 13. Bxd7+ Rxd7 14. c3 Bc5 15. Nf3 Ng4 16. Bf4 f6 17. h3 e5 18. hxg4 exf4 19. Rad1 Rc7 20. Rfe1 g5 21. Nd4 h5 22. gxh5 Rch7 23. Ne6 Rxh5 24. Kf1 Re8 25. Kg1 Rh1+ 26. Kxh1 Bxf2 27. Nxg5 Bxe1 28. Nh3 Bg3 29. Rf1 f3 30. gxf3 Re2 31. Kg1 Rxb2 32. Nf2 Rxa2 33. Ne4 Bh2+ 34. Kh1 f5 35. Ng5 Bf4 36. Ne6 Be3 37. Rd1 Rd2 38. Re1 f4 39. Nd4 Bxd4 40. cxd4 Rxd4 41. Kg2 b5 42. Kh3 b4 43. Kg4 Kb7 44. Kf5 a5 45. Ke5 Rc4 46. Kd5 Rc3 47. Re7+ Kb6 48. Re6+ Kb5 0-1


[Site "https://www.chess.com"]

[Event "Titled Tuesday Blitz March 28 Early 2023"]
[White "Wei, Yi"]
[Black "Vlassov, Nikolai"]
[WhiteFideId "8603405"]
[BlackFideId "4103360"]
[WhiteElo "2686"]
[BlackElo "2324"]
[Result "1-0"]
[Round "02"]
[TimeControl "180+2"]
[Date "2023.03.28"]
[WhiteClock "0:01:07"]
[BlackClock "0:00:16"]

1. b3 e5 2. Bb2 Nc6 3. e3 a6 4. Nf3 e4 5. Nd4 Qf6 6. d3 d5 7. Nd2 exd3 8. Bxd3 Bc5 9. N2f3 Nge7 10. O-O Bg4 11. Be2 O-O-O 12. Rb1 Nxd4 13. Nxd4 Bxe2 14. Qxe2 Qg6 15. Qf3 Rhe8 16. Rfd1 c6 17. Rbc1 Rd6 18. c4 dxc4 19. Rxc4 Bb6 20. Rdc1 Nd5 21. Ba3 Rf6 22. Qxd5 1-0


[Site "https://www.chess.com"]

[Event "Titled Tuesday Blitz March 28 Early 2023"]
[White "De Silva, L M S T"]
[Black "Sarana, Alexey"]
[WhiteFideId "9953698"]
[BlackFideId "24133795"]
[WhiteElo "2403"]
[BlackElo "2714"]
[Result "0-1"]
[Round "02"]
[TimeControl "180+2"]
[Date "2023.03.28"]
[WhiteClock "0:00:08"]
[BlackClock "0:00:32"]

1. e4 c5 2. Nf3 d6 3. Bb5+ Bd7 4. Bxd7+ Nxd7 5. O-O Ngf6 6. Qe2 e6 7. c3 Be7 8. d4 O-O 9. Rd1 cxd4 10. cxd4 b5 11. Nbd2 Qb6 12. Nf1 Rac8 13. Ng3 Rfd8 14. h3 Nf8 15. Be3 Qb7 16. Qd3 Ng6 17. Rac1 b4 18. Rxc8 Rxc8 19. Rc1 Rxc1+ 20. Bxc1 a5 21. Qc2 h6 22. Bd2 Nf8 23. a3 d5 24. e5 Ne4 25. Nxe4 dxe4 26. Ne1 Qd5 27. axb4 Bxb4 28. Bxb4 axb4 29. Qd2 Qb3 30. Qc2 Qd5 31. Qd2 Qb3 32. Qc2 Qa2 33. Qc1 b3 34. g3 Qa4 35. Qc3 Ng6 36. Ng2 Qa1+ 37. Kh2 Qf1 38. Qxb3 Qxf2 39. Qe3 Qc2 40. b4 Ne7 41. b5 Nd5 42. Qf4 Nxf4 0-1


[Site "https://www.chess.com"]

[Event "Titled Tuesday Blitz March 28 Early 2023"]
[White "Sadhwani, Raunak"]
[Black "Aveskulov, Valeriy"]
[WhiteFideId "35093487"]
[BlackFideId "14109743"]
[WhiteElo "2631"]
[BlackElo "2552"]
[Result "1-0"]
[Round "02"]
[TimeControl "180+2"]
[Date "2023.03.28"]
[WhiteClock "0:00:05"]
[BlackClock "0:00:01"]

1. Nf3 Nf6 2. b3 c5 3. Bb2 e6 4. g3 b6 5. Bg2 Bb7 6. O-O Be7 7. c4 d5 8. cxd5 exd5 9. d4 O-O 10. Nc3 a6 11. Ne5 Nc6 12. e3 Nxe5 13. dxe5 Ne4 14. Nxe4 dxe4 15. Qg4 Qc8 16. e6 g6 17. Bxe4 f5 18. Bxb7 fxg4 19. Bxc8 Raxc8 20. Rfc1 Rc6 21. Rc4 h5 22. Re4 Rd8 23. Bc3 Rd3 24. Rc1 Kf8 25. Kg2 Bd8 26. h3 gxh3+ 27. Kxh3 Ke7 28. b4 Rxe6 29. Rc4 cxb4 30. Bxb4+ Kd7 31. g4 a5 32. Bc3 hxg4+ 33. Kxg4 Rd5 34. Bd4 Rg5+ 35. Kf3 Rd5 36. a4 b5 37. axb5 Rxb5 38. Rh1 Rf5+ 39. Ke2 Be7 40. Rb1 Bd8 41. Rb7+ Ke8 42. Rc8 Rd5 43. Bb6 Red6 44. Rbb8 a4 45. Ra8 Rxb6 46. Rxa4 Rb2+ 47. Kf3 Rdd2 48. Ke4 Rxf2 49. Rd4 Ke7 50. Rcxd8 Rb7 51. Rg8 Rf6 52. Rg7+ Rf7 53. Rxg6 Rd7 54. Ra4 Rf6 55. Rg7+ Rf7 56. Rg5 Rf6 57. Rg7+ Rf7 58. Rg4 Rf6 59. Rc4 Re6+ 60. Kf3 Rf6+ 61. Ke2 Re6 62. e4 Red6 63. Ke3 Rd1 64. Kf4 Kf7 65. Rc6 Re7 66. Ke3 Re1+ 67. Kf3 Rf1+ 68. Ke2 Ra1 69. Rh6 Ke8 70. Rh8+ Kd7 71. Rb8 Ra3 72. Rh4 Ke6 73. Rb6+ Ke5 74. Rb5+ Ke6 75. Rh6+ Kf7 76. Rh7+ Kf8 77. Rb8+ Re8 78. Rh8+ 1-0


[Site "https://www.chess.com"]

[Event "Titled Tuesday Blitz March 28 Early 2023"]
[White "Tatarinov, Dmitry"]
[Black "Anton Guijarro, David"]
[WhiteFideId "24160067"]
[BlackFideId "2285525"]
[WhiteElo "2326"]
[BlackElo "2618"]
[Result "1-0"]
[Round "02"]
[TimeControl "180+2"]
[Date "2023.03.28"]
[WhiteClock "0:00:19"]
[BlackClock "0:00:16"]

1. Nf3 Nf6 2. c4 e6 3. d4 d5 4. g3 Bb4+ 5. Bd2 a5 6. Bg2 O-O 7. O-O Nbd7 8. Qc2 c6 9. Bg5 Be7 10. Nbd2 h6 11. Bxf6 Nxf6 12. e4 a4 13. Rfd1 Qa5 14. e5 Nd7 15. h4 Rd8 16. Rac1 Nf8 17. h5 b6 18. cxd5 cxd5 19. a3 Bd7 20. Nb1 Rdc8 21. Qd2 Qxd2 22. Nfxd2 b5 23. Nc3 b4 24. axb4 Bxb4 25. Ndb1 Rab8 26. Bf1 Bxc3 27. bxc3 Bb5 28. Bxb5 Rxb5 29. c4 Rxc4 30. Rxc4 dxc4 31. Na3 Rb4 32. Rc1 g6 33. hxg6 Nxg6 34. Nxc4 Ne7 35. Nd6 Nd5 36. Rc8+ Kg7 37. Ra8 Rxd4 38. Ra7 Kg6 39. Rxf7 Nc3 40. Ra7 Rd5 41. f4 Rd2 42. Ra6 h5 43. Kf1 Ra2 44. Kg1 a3 45. Nc4 Ra1+ 46. Kg2 a2 47. Rxe6+ Kf5 48. Ra6 Rc1 49. Ne3+ Ke4 50. e6 Nd5 51. Nxd5 a1=Q 52. Rxa1 Rxa1 53. e7 Ra8 54. e8=Q+ Rxe8 55. Nf6+ Kf5 56. Nxe8 Kg4 57. Nf6+ 1-0


[Site "https://www.chess.com"]

[Event "Titled Tuesday Blitz March 28 Early 2023"]
[White "Paravyan, David"]
[Black "Antonica, Dragos-Andrei"]
[WhiteFideId "4194985"]
[BlackFideId "1246372"]
[WhiteElo "2577"]
[BlackElo "2285"]
[Result "1-0"]
[Round "02"]
[TimeControl "180+2"]
[Date "2023.03.28"]
[WhiteClock "0:00:06"]
[BlackClock "0:00:03"]

1. Nf3 Nf6 2. c4 b6 3. g3 Bb7 4. Bg2 g6 5. d4 Bg7 6. O-O O-O 7. d5 e6 8. Nc3 c6 9. dxe6 fxe6 10. Bf4 d5 11. cxd5 exd5 12. e4 dxe4 13. Ng5 Qxd1 14. Raxd1 c5 15. Ne6 Re8 16. Nc7 Na6 17. Nxa8 Bxa8 18. a3 c4 19. Be3 Nc7 20. Rfe1 Ne6 21. Bf1 Rc8 22. Bh3 Kf7 23. Nb5 Ke7 24. Bd2 a5 25. Be3 Rb8 26. Bxe6 Kxe6 27. Rd6+ Kf5 28. h3 Ne8 29. g4+ Ke5 30. f4+ exf3 31. Rd7 Be4 32. Bd4+ Kf4 33. Bxg7 Nxg7 34. Rxg7 Rd8 35. Nc3 Ba8 36. Kf2 Rd2+ 37. Ne2+ fxe2 38. Rxe2 Rd3 39. Rf7+ Kg5 40. Rxh7 Rf3+ 41. Ke1 Rg3 42. Kd2 b5 43. Re5+ Kf4 44. Rxb5 Rd3+ 45. Kc1 Be4 46. Rxa5 Ke3 47. Re5 Rd4 48. Rhe7 Kd3 49. Rxe4 Rd5 50. Re3+ Kd4 51. R7e4+ Kc5 52. Re5 Rxe5 1-0


[Site "https://www.chess.com"]

[Event "Titled Tuesday Blitz March 28 Early 2023"]
[White "Daneshvar, Bardiya"]
[Black "Solovchuk, Oleksiy"]
[WhiteFideId "12576468"]
[BlackFideId "14115220"]
[WhiteElo "2468"]
[BlackElo "2291"]
[Result "1-0"]
[Round "02"]
[TimeControl "180+2"]
[Date "2023.03.28"]
[WhiteClock "0:01:04"]
[BlackClock "0:01:20"]

1. b3 b6 2. e4 Bb7 3. Nc3 Nf6 4. e5 Nd5 5. Nxd5 Bxd5 6. Bb2 e6 7. h4 h6 8. Rh3 a5 9. Qg4 Na6 10. a3 Qc8 11. Ne2 Qb7 12. d3 O-O-O 13. h5 Rg8 14. O-O-O f6 15. exf6 1-0


[Site "https://www.chess.com"]

[Event "Titled Tuesday Blitz March 28 Early 2023"]
[White "Annaberdiyev, Meylis"]
[Black "Yoo, Christopher Woojin"]
[WhiteFideId "14000563"]
[BlackFideId "30909694"]
[WhiteElo "2416"]
[BlackElo "2519"]
[Result "0-1"]
[Round "02"]
[TimeControl "180+2"]
[Date "2023.03.28"]
[WhiteClock "0:00:13"]
[BlackClock "0:00:07"]

1. e4 c6 2. d4 d5 3. e5 Bf5 4. h4 h5 5. Bd3 Bxd3 6. Qxd3 Qa5+ 7. b4 Qa6 8. Qf3 e6 9. c3 Qa4 10. Ne2 a5 11. bxa5 Nd7 12. O-O Rxa5 13. Nd2 b5 14. Nb3 Ra8 15. Nf4 g6 16. Qh3 Ne7 17. Nxe6 fxe6 18. Qxe6 c5 19. dxc5 Qa6 20. Qd6 Bg7 21. Bg5 Qxd6 22. exd6 Nc6 23. Rad1 Bxc3 24. Rxd5 Rxa2 25. Rd3 b4 26. Bd2 Bxd2 27. Nxd2 Nde5 28. Rd5 Kd7 29. Ne4 b3 30. f4 Ng4 31. Nc3 Rc2 32. Na4 Rb8 33. Nb6+ Rxb6 34. cxb6 Ne3 35. Rb5 Nxf1 36. Kxf1 b2 37. b7 Rc1+ 38. Ke2 b1=Q 39. b8=Q Qc2+ 40. Kf3 Nxb8 41. Rb7+ Kxd6 0-1


[Site "https://www.chess.com"]

[Event "Titled Tuesday Blitz March 28 Early 2023"]
[White "Demchenko, Anton"]
[Black "wqws"]
[WhiteFideId "4160258"]
[WhiteElo "2545"]
[BlackElo "2658"]
[Result "1-0"]
[Round "02"]
[TimeControl "180+2"]
[Date "2023.03.28"]
[WhiteClock "0:00:29"]
[BlackClock "0:00:17"]

1. e4 e5 2. Nf3 Nf6 3. Nxe5 d6 4. Nf3 Nxe4 5. d4 d5 6. Bd3 Bd6 7. O-O O-O 8. c4 c6 9. cxd5 cxd5 10. Nc3 Nxc3 11. bxc3 Bg4 12. Bb1 Nd7 13. Qd3 g6 14. h3 Bf5 15. Qb5 Bxb1 16. Rxb1 Nb6 17. a4 Rb8 18. Kh1 Bc7 19. Ne5 f6 20. Nd3 a6 21. Qb3 Nc4 22. Re1 b5 23. axb5 Rxb5 24. Qa2 Rxb1 25. Qxb1 Re8 26. Rxe8+ Qxe8 27. Qb7 Qf7 28. Bh6 Bd6 29. Qxa6 Bf8 30. Qa8 Nb6 31. Qd8 Nd7 32. Nc5 Nxc5 33. dxc5 Qe7 34. Qxd5+ Kh8 35. Qa8 Kg8 36. c6 Qe1+ 37. Kh2 Qe5+ 38. g3 Qc5 39. Qxf8+ Qxf8 40. Bxf8 Kxf8 1-0


[Site "https://www.chess.com"]

[Event "Titled Tuesday Blitz March 28 Early 2023"]
[White "Malek, Jan"]
[Black "Kramnik, Vladimir"]
[WhiteFideId "21864080"]
[BlackFideId "4101588"]
[WhiteElo "2255"]
[BlackElo "2712"]
[Result "1-0"]
[Round "02"]
[TimeControl "180+2"]
[Date "2023.03.28"]
[WhiteClock "0:00:07"]
[BlackClock "0:00:02"]

1. c4 c5 2. Nc3 g6 3. Nf3 Bg7 4. e3 Nf6 5. d4 cxd4 6. Nxd4 O-O 7. Be2 Nc6 8. O-O d6 9. Nxc6 bxc6 10. Qc2 a5 11. b3 Bf5 12. Bd3 Bxd3 13. Qxd3 Nd7 14. Rb1 Nc5 15. Qc2 f5 16. Rd1 Qe8 17. Ne2 Ne4 18. f3 Nf6 19. Bb2 c5 20. Nf4 Qf7 21. Bc3 Bh6 22. Kf1 g5 23. Nd5 Nxd5 24. Rxd5 Qg6 25. Rbd1 Bg7 26. Bxg7 Kxg7 27. Kg1 h5 28. e4 fxe4 29. Qxe4 Rae8 30. Qe3 Rf5 31. Rxf5 Qxf5 32. Rd5 e5 33. Rxd6 Qb1+ 34. Kf2 Qc2+ 35. Rd2 Qf5 36. Qxc5 g4 37. Qa7+ Kg8 38. Qe3 Qf6 39. Kg1 gxf3 40. gxf3 Kh8 41. Rg2 e4 42. h3 Qa1+ 43. Kh2 Qf6 44. fxe4 h4 45. Rg4 Qb2+ 46. Rg2 Qe5+ 47. Kh1 Qe6 48. Rg4 Qf6 49. Qf4 Qa1+ 50. Rg1 Qe5 51. Qh6# 1-0


[Site "https://www.chess.com"]

[Event "Titled Tuesday Blitz March 28 Early 2023"]
[White "Alekseenko, Kirill"]
[Black "Rostomyan, Mikayel"]
[WhiteFideId "4135539"]
[BlackFideId "13313754"]
[WhiteElo "2683"]
[BlackElo "2009"]
[Result "1-0"]
[Round "02"]
[TimeControl "180+2"]
[Date "2023.03.28"]
[WhiteClock "0:02:11"]
[BlackClock "0:01:18"]

1. d4 Nf6 2. Nc3 d5 3. Bf4 c5 4. e3 cxd4 5. exd4 a6 6. Nce2 Nc6 7. Nc1 Bf5 8. c3 e6 9. Nf3 Bd6 10. Bxd6 Qxd6 11. Be2 O-O 12. O-O Rfe8 13. Nd3 Bxd3 14. Bxd3 e5 15. dxe5 Nxe5 16. Re1 Nxf3+ 17. Qxf3 Qb6 18. Re2 Rxe2 19. Qxe2 Re8 20. Qc2 d4 21. c4 g6 22. Rd1 Qa5 23. Qb1 Nd7 24. Bf1 Nc5 25. b4 1-0


[Site "https://www.chess.com"]

[Event "Titled Tuesday Blitz March 28 Early 2023"]
[White "Dominguez Perez, Leinier"]
[Black "Perez Gormaz, Matias"]
[WhiteFideId "3503240"]
[BlackFideId "3406342"]
[WhiteElo "2647"]
[BlackElo "2362"]
[Result "0-1"]
[Round "02"]
[TimeControl "180+2"]
[Date "2023.03.28"]
[WhiteClock "0:00:01"]
[BlackClock "0:00:08"]

1. d4 d5 2. Nf3 e6 3. e3 Nf6 4. Bd3 a6 5. O-O b6 6. b3 Bb7 7. c4 Nbd7 8. Qe2 Bd6 9. cxd5 exd5 10. Ba3 c5 11. Nc3 O-O 12. Rfd1 Qe7 13. Rac1 Rfc8 14. dxc5 bxc5 15. Bf5 Rc7 16. Na4 Bc6 17. Nc3 Bb7 18. Bb2 Re8 19. Rd2 Rcc8 20. Na4 d4 21. Qd1 Ne5 22. Ne1 Rcd8 23. exd4 cxd4 24. Rxd4 h5 25. h3 Ng6 26. Nd3 Bb8 27. Qd2 Rxd4 28. Bxd4 Qd6 29. Ne5 Nxe5 30. f4 Nc6 31. Bc3 Qxf4 32. Qxf4 Bxf4 33. Rd1 Be3+ 34. Kh1 Rd8 35. Rxd8+ Nxd8 36. Bb4 Ne6 0-1


[Site "https://www.chess.com"]

[Event "Titled Tuesday Blitz March 28 Early 2023"]
[White "Hardaway, Brewington"]
[Black "Makhnev, Denis"]
[WhiteFideId "30941849"]
[BlackFideId "13707647"]
[WhiteElo "2159"]
[BlackElo "2525"]
[Result "0-1"]
[Round "02"]
[TimeControl "180+2"]
[Date "2023.03.28"]
[WhiteClock "0:00:01"]
[BlackClock "0:00:28"]

1. e4 e5 2. Nf3 Nc6 3. Bc4 Bc5 4. d3 Nf6 5. c3 a5 6. O-O d6 7. Nbd2 O-O 8. h3 h6 9. Re1 a4 10. Bb5 Bd7 11. Bxa4 Rxa4 12. Qxa4 Nb4 13. Qd1 Nxd3 14. Rf1 Ba7 15. b3 Bc6 16. Qc2 Nf4 17. Re1 N6h5 18. Nc4 f5 19. Ne3 Bxe4 20. Qd1 Qf6 21. Kh2 Bc6 22. g3 Ng6 23. Nd5 Qf7 24. c4 Bxf2 25. Rf1 Bxg3+ 26. Kg2 Nh4+ 27. Nxh4 Bxh4 28. Kh2 Bg3+ 29. Kg2 f4 30. Qg4 Nf6 31. Kh1 Nxg4 0-1


[Site "https://www.chess.com"]

[Event "Titled Tuesday Blitz March 28 Early 2023"]
[White "Kamsky, Gata"]
[Black "Poormosavi, Seyed Kian"]
[WhiteFideId "2000024"]
[BlackFideId "12585807"]
[WhiteElo "2666"]
[BlackElo "2334"]
[Result "1-0"]
[Round "02"]
[TimeControl "180+2"]
[Date "2023.03.28"]
[WhiteClock "0:01:18"]
[BlackClock "0:01:04"]

1. d4 Nf6 2. Bf4 e6 3. e3 d5 4. Nf3 c5 5. c3 Nc6 6. Nbd2 Bd6 7. Bg3 O-O 8. Bd3 Re8 9. Ne5 Qc7 10. f4 c4 11. Bc2 b5 12. a3 a5 13. Bh4 Be7 14. O-O Rb8 15. Rf3 g6 16. Rh3 b4 17. axb4 axb4 18. Nxc6 Qxc6 19. Ba4 Qc7 20. Bxe8 Nxe8 21. Bxe7 Qxe7 22. e4 Nd6 23. e5 Nb5 24. Qe1 h5 25. Nf3 Qb7 26. Ng5 Qb6 27. g4 bxc3 28. bxc3 Nxd4 29. cxd4 Qxd4+ 30. Kh1 Qxf4 31. Qe3 Qxg4 32. Rg3 Qh4 33. Qf2 Rb7 34. Ra8 1-0


[Site "https://www.chess.com"]

[Event "Titled Tuesday Blitz March 28 Early 2023"]
[White "Ismagilov, Damir"]
[Black "Kovalenko, Igor"]
[WhiteFideId "34199982"]
[BlackFideId "14117908"]
[WhiteElo "2078"]
[BlackElo "2574"]
[Result "0-1"]
[Round "02"]
[TimeControl "180+2"]
[Date "2023.03.28"]
[WhiteClock "0:00:05"]
[BlackClock "0:00:06"]

1. d4 Nf6 2. Bf4 d5 3. e3 Nbd7 4. Nd2 c5 5. c3 Qb6 6. Qb3 Nh5 7. Bg3 e6 8. Ngf3 Nxg3 9. hxg3 h6 10. Be2 Be7 11. Qxb6 axb6 12. e4 c4 13. exd5 exd5 14. Ne5 b5 15. O-O Nb6 16. a3 Bf5 17. g4 Bh7 18. f4 f6 19. Nef3 g5 20. f5 Kd7 21. Ne1 Bd6 22. Nc2 Rhe8 23. Bf3 Bg8 24. Rfe1 Bf4 25. Nf1 Na4 26. Rxe8 Rxe8 27. Rb1 Bf7 28. Nb4 Nb6 29. Kf2 Kc7 30. g3 Bd6 31. Ne3 Bxg3+ 32. Kxg3 Rxe3 33. Kf2 Re8 34. Rh1 Rh8 35. Kg3 Kd6 36. Rh2 Na8 37. Re2 Nc7 38. Rh2 Ne8 39. Rh1 Ng7 40. Rh2 h5 41. Rh1 Re8 42. gxh5 Nxf5+ 43. Kg4 Nh6+ 44. Kg3 f5 45. Ra1 f4+ 46. Kh3 Re3 47. Kg2 g4 48. Bd1 Bxh5 49. a4 Rg3+ 50. Kf2 bxa4 51. Bxa4 Rf3+ 52. Kg2 Nf5 53. Rh1 Ne3+ 54. Kg1 Rf1+ 55. Kh2 g3+ 56. Kh3 Rxh1# 0-1


[Site "https://www.chess.com"]

[Event "Titled Tuesday Blitz March 28 Early 2023"]
[White "Makarian, Rudik"]
[Black "Aaditya Dhingra"]
[WhiteFideId "44105681"]
[BlackFideId "25678191"]
[WhiteElo "2436"]
[BlackElo "2083"]
[Result "1-0"]
[Round "02"]
[TimeControl "180+2"]
[Date "2023.03.28"]
[WhiteClock "0:01:30"]
[BlackClock "0:01:45"]

1. d4 d5 2. Nf3 Nf6 3. c4 e6 4. Nc3 c6 5. Bg5 h6 6. Bxf6 Qxf6 7. a3 g6 8. e4 Qd8 9. cxd5 cxd5 10. exd5 exd5 11. Bb5+ Bd7 12. Qe2+ Qe7 13. Ne5 Qe6 14. Nxd5 Qxd5 15. Nxd7+ Kd8 16. Ne5 1-0


[Site "https://www.chess.com"]

[Event "Titled Tuesday Blitz March 28 Early 2023"]
[White "Al-Tarboush, Ward"]
[Black "Gholami Orimi, Mahdi"]
[WhiteFideId "7601450"]
[BlackFideId "12558486"]
[WhiteElo "2257"]
[BlackElo "2363"]
[Result "1/2-1/2"]
[Round "02"]
[TimeControl "180+2"]
[Date "2023.03.28"]
[WhiteClock "0:00:08"]
[BlackClock "0:00:04"]

1. e4 c6 2. Nf3 d5 3. Nc3 dxe4 4. Nxe4 Nf6 5. Nxf6+ exf6 6. Bc4 Bd6 7. Qe2+ Qe7 8. Qxe7+ Bxe7 9. O-O O-O 10. d4 Bd6 11. Bd2 Nd7 12. Bd3 Nb6 13. c4 Bc7 14. Rfe1 Bg4 15. Re7 Rac8 16. Rae1 Rfd8 17. h3 Be6 18. b3 Nd7 19. Bb4 Nf8 20. g4 Ng6 21. Bxg6 hxg6 22. Kg2 a5 23. Ba3 b5 24. d5 cxd5 25. cxb5 d4 26. Bc5 d3 27. Rxc7 Rxc7 28. Bb6 Rdc8 29. Bxc7 Rxc7 30. Rd1 Rc3 31. Ne1 Rc5 32. Nxd3 Rxb5 33. Nf4 g5 34. Nxe6 fxe6 35. Rd4 e5 36. Ra4 Kf7 37. Kf3 Ke6 38. Ke3 Rc5 39. Rc4 Rxc4 40. bxc4 Kd6 41. Kd3 Kc5 42. Kc3 a4 43. f3 g6 44. a3 f5 45. Kd3 Kb6 46. Kc3 Ka5 47. Kd3 Kb6 48. Kc3 Kc5 49. Kd3 Kd6 50. Kc3 Kc5 1/2-1/2


[Site "https://www.chess.com"]

[Event "Titled Tuesday Blitz March 28 Early 2023"]
[White "Bacrot, Etienne"]
[Black "The_Sherman_Variation"]
[WhiteFideId "605506"]
[WhiteElo "2663"]
[BlackElo "2630"]
[Result "1-0"]
[Round "02"]
[TimeControl "180+2"]
[Date "2023.03.28"]
[WhiteClock "0:00:22"]
[BlackClock "0:00:19"]

1. e4 b6 2. d4 g6 3. h4 h5 4. Bd3 Bg7 5. c3 Bb7 6. Bg5 d6 7. Nd2 Nd7 8. f4 Ngf6 9. Ngf3 Ng4 10. e5 dxe5 11. fxe5 Ndxe5 12. Be4 Nxf3+ 13. Qxf3 Bxe4 14. Nxe4 O-O 15. O-O-O f6 16. Bf4 Qc8 17. Qe2 a5 18. Rhe1 a4 19. a3 Qe6 20. d5 Qf5 21. Bxc7 Rfc8 22. Bg3 b5 23. Kb1 b4 24. cxb4 Qd7 25. Nc5 Qf5+ 26. Qe4 Qxe4+ 27. Rxe4 Ra7 28. Rc1 f5 29. Re2 Bh6 30. Rc3 Bg7 31. Rd3 Kf7 32. Bf4 Bf6 33. g3 Rd8 34. b5 Ra5 35. Bc7 Rxb5 36. Bxd8 Rxc5 37. d6 exd6 38. Bxf6 Nxf6 39. Rxd6 Ne4 40. Rd3 Rc7 41. Rc2 Rb7 42. Rc4 Rb3 43. Rxb3 axb3 44. Rc7+ Kf6 45. a4 Nxg3 46. a5 f4 47. a6 f3 48. Rc3 f2 49. Rf3+ Kg7 50. Rxf2 Ne4 51. Rh2 1-0


[Site "https://www.chess.com"]

[Event "Titled Tuesday Blitz March 28 Early 2023"]
[White "Ingebretsen, Jens E"]
[Black "Xu, Xiangyu"]
[WhiteFideId "1522965"]
[BlackFideId "8608288"]
[WhiteElo "2213"]
[BlackElo "2477"]
[Result "0-1"]
[Round "02"]
[TimeControl "180+2"]
[Date "2023.03.28"]
[WhiteClock "0:00:19"]
[BlackClock "0:02:02"]

1. c4 Nf6 2. Nc3 e5 3. Nf3 Nc6 4. g3 Bb4 5. Bg2 O-O 6. O-O e4 7. Ng5 Bxc3 8. bxc3 Re8 9. d3 exd3 10. exd3 h6 11. Ne4 b6 12. a4 Bb7 13. Bf4 d6 14. Re1 Na5 15. Nxf6+ Qxf6 16. Bxb7 Nxb7 17. d4 Na5 18. Qd3 Re6 19. Re3 g5 20. Rxe6 Qxe6 21. d5 Qg6 22. Qxg6+ fxg6 23. Be3 Nxc4 24. Bd4 Re8 25. Kf1 Kf7 26. h3 h5 27. Rd1 a6 28. Rd3 g4 29. hxg4 hxg4 30. f3 Nb2 31. Rd2 Nxa4 32. fxg4 Re4 33. Ra2 b5 34. Rf2+ Ke8 35. g5 b4 36. Ra2 Nxc3 37. Bxc3 bxc3 38. Rxa6 Rc4 39. Ra1 c2 40. Rc1 Kd7 41. Ke2 Rc5 42. Ke3 Rxd5 43. Rxc2 Rxg5 44. Kf4 Rf5+ 45. Kg4 c5 46. Ra2 c4 47. Ra7+ Kc6 48. Rg7 c3 49. Rxg6 Rc5 0-1


[Site "https://www.chess.com"]